 Dungeon Crawl Stone Soup version 0.30-a0-137-gd8773701ce (webtiles) character file.

Game seed: 7992295897864736076

178 Essalna the Conjurer (level 5, -9/44 HPs)
             Began as a Draconian Conjurer on Sept 23, 2022.
             Killed by divine providence
             ... invoked by an orc priest
              (14 damage)
             ... on level 3 of the Dungeon.
             The game lasted 00:06:15 (3045 turns).

Essalna the Conjurer (Draconian Conjurer)           Turns: 3045, Time: 00:06:16

Health: -9/44      AC:  5    Str:  9    XL:     5   Next: 32%
Magic:  0/8        EV: 12    Int: 20    God:
Gold:   85         SH:  0    Dex: 10    Spells: 5/8 levels left

rFire   . . .      SeeInvis .    b - +0 spear
rCold   . . .      Faith    .    (no shield)
rNeg    . . .      Spirit   .    (body armour unavailable)
rPois   .          Reflect  .    (helmet restricted)
rElec   .          Harm     .    (no cloak)
rCorr   .          Rampage  .    (no gloves)
Will    .....                    (no boots)
Stlth   ++........               (no amulet)
HPRegen 0.14/turn                (no ring)
MPRegen 0.11/turn                (no ring)

@: no status effects
A: AC +5, unfitting armour, cold-blooded
a: no special abilities


You were on level 3 of the Dungeon.
You visited 1 branch of the dungeon, and saw 3 of its levels.

You collected 85 gold pieces.

Inventory:

Hand Weapons
 b - a +0 spear (weapon)
Jewellery
 m - a ring of resist corrosion
Wands
 k - a wand of paralysis (4)
Scrolls
 c - a scroll of magic mapping
 d - a scroll of identify
 f - a scroll of silence {unknown}
Potions
 a - 2 potions of magic
 e - a potion of degeneration
 g - a potion of brilliance {unknown}
 h - a potion of heal wounds {unknown}
 i - a potion of mutation {unknown}
 j - 2 potions of might {unknown}
 l - a potion of curing {unknown}
 n - 2 potions of ambrosia


   Skills:
 + Level 2.8 Fighting
 - Level 1.7 Dodging
 - Level 1.7 Stealth
 - Level 2.0 Spellcasting
 + Level 6.0 Conjurations


You had 5 spell levels left.
You knew the following spells:

 Your Spells              Type           Power      Damage    Failure   Level
a - Magic Dart            Conj           100%       1d8       1%          1
b - Searing Ray           Conj           52%        2d6       1%          2

Your spell library contained the following spells:

 Spells                   Type           Power      Damage    Failure   Level
 Dazzling Flash           Conj/Hex       28%        N/A       14%         3
 Apportation              Tloc           4%         N/A       16%         1
 Necrotise                Necr           8%         1d4       16%         1
 Summon Small Mammal      Summ           8%         N/A       16%         1
 Fulminant Prism          Conj/Hex       7%         3d7       41%         4
 Iskenderun's Mystic Bla  Conj/Tloc      14%        2d5       41%         4


Dungeon Overview and Level Annotations

Branches:
Dungeon (3/15)

Altars:
Nemelex Xobeh

Shops:
D:3 (::


Innate Abilities, Weirdness & Mutations

Your plain brown scales are hard. (AC +5)
You cannot fit into any form of body armour.
You are cold-blooded and may be slowed by cold attacks.


Message History

The orc priest hits you but does no damage.
The searing ray hits the orc priest but does no damage.
The orc priest is heavily wounded.
The orc priest misses you.
The searing ray misses the orc priest.
The orc priest hits you with a +0 dagger.
The searing ray misses the orc priest.
You finish channelling your searing ray.
The orc priest mumbles some strange prayers to Beogh against you.
Pain shoots through your body!
Casting: Searing Ray (safe; 1% risk of failure)
Confirm with . or Enter, or press ? or * to list all spells.
Aiming: Searing Ray (safe; 1% risk of failure)
Press: ? - help, Shift-Dir - straight line, f/p - orc priest
Aim: an orc priest, wielding a +0 dagger and wearing a +0 ring mail (heavily wounded, 82% to hit)
The searing ray misses the orc priest. (Press . to maintain the ray.)
The orc priest closely misses you.
The searing ray misses the orc priest.
The orc priest invokes the aid of Beogh against you.
Pain shoots through your body!
The searing ray hits the orc priest.
The orc priest is almost dead.
The orc priest closely misses you.
Without enough magic to sustain it, your searing ray dissipates.
The orc priest invokes the aid of Beogh against you.
Beogh smites you!
* * * LOW HITPOINT WARNING * * *
Casting: Searing Ray (safe; 1% risk of failure)
Confirm with . or Enter, or press ? or * to list all spells.
You don't have enough magic to cast this spell.
Unknown command.
Reach: b) +0 spear
Press: ? - help, Dir - move target, f/p - orc priest
Aim: an orc priest, wielding a +0 dagger and wearing a +0 ring mail (almost dead, about 37% to evade your +0 spear)
You barely miss the orc priest.
The orc priest is almost dead.
The orc priest calls down the wrath of Beogh upon you.
Beogh smites you!
You die...

###### ##....# ########.#
##############.# *.#
...............# *.#
............##.## *.#
#.≈≈≈≈≈.≈§≈.....# *,*
#.§§......≈..##.## *,*****
'.§§#.###.≈...#..# *,*,,,,
#.≈.#...#.≈.#.#.)### *,,,,,,
'.§§#._.#.§...#.@..#* *,,,,,,
#.≈§#...#.≈.###o##.)#** *,,,,,,
'§≈.###.#.≈.....###.).# *,,,,,,
#.§.)§§...≈.#####**##)#****,,,,,,
..≈≈≈§§≈≈≈≈....,,,,,,...,,,,,,,,,
#....§§o.....##*******#.#*,,,,,,,
..........#### *..[,**,,,,
########..#******* *,##***,,,,
,,******.....,,,,* *>* *,,,,


You could see an orc priest.

Vanquished Creatures
  An orc priest (D:3)
  An orc wizard (D:3)
  Robin (D:2)
  2 adders (D:2)
  6 dart slugs
  9 orcs (D:3)
  5 endoplasms
  7 giant cockroaches
  11 hobgoblins
  A quokka (D:1)
  2 ball pythons (D:1)
  3 bats
  4 frilled lizards
  12 goblins
  5 kobolds
  3 rats
73 creatures vanquished.

Notes
Turn   | Place    | Note
-------+----------+-------------------------------------------
     0 | D:1      | Essalna the Draconian Conjurer began the quest for the Orb.
     0 | D:1      | Reached XP level 1. HP: 14/14 MP: 3/3
   288 | D:1      | Reached XP level 2. HP: 20/20 MP: 3/5
  1274 | D:2      | Reached skill level 5 in Conjurations
  1296 | D:2      | Reached XP level 3. HP: 26/26 MP: 3/6
  1310 | D:2      | Learned a level 2 spell: Searing Ray
  1833 | D:2      | Reached skill level 1 in Fighting
  1837 | D:2      | Reached XP level 4. HP: 35/35 MP: 1/7
  2113 | D:2      | Noticed Robin
  2132 | D:2      | Killed Robin
  2367 | D:3      | Found a sparkling altar of Nemelex Xobeh.
  2563 | D:3      | Found Nuasor's Book Shoppe.
  2581 | D:3      | Found Unau's Book Boutique.
  2629 | D:3      | Identified the +7 plate armour "Aghotocef" {rF+}
  2948 | D:3      | Found Weanunyeca's Antique Weapon Boutique.
  3010 | D:3      | Reached XP level 5. HP: 42/42 MP: 2/8
  3020 | D:3      | Reached skill level 6 in Conjurations
  3045 | D:3      | Killed from afar by an orc priest

Illustrated notes

Levels and vault maps discovered:
D:1:      tarquinn_simple_flora_water_e, layout_basic, chequers_avenue
D:2:      layout_loops_cross, minmay_misc_feat_five, uniq_robin
D:3:      layout_basic, mainiacjoe_overflow_brackets,
          nicolae_wu_jian_immortal_techniques,
          shapermc_ecumenical_altar_starsandcircs, serial_shops,
          nicolae_diamond_shop, shop, shop_coins, nicolae_shop_advertising_works
          [nicolae_subvault_shop_adworks], nicolae_shop_behind_doors

Skill      XL: |  1  2  3  4  5 |
---------------+----------------+-----
Conjurations   | 5 6 |  6.0
Fighting       | 1 2 |  2.8
Dodging        | |  1.7
Stealth        | |  1.7
Spellcasting   | |  2.0

Action                   |  1- 3 |  4- 6 || total
-------------------------+-------+-------++-------
Melee: Spear             |    16 |    57 ||    73
       Tailslap          |     2 |     4 ||     6
       Punch             |       |     1 ||     1
 Cast: Magic Dart        |    72 |    45 ||   117
       Searing Ray       |       |     3 ||     3
Evoke: Wand              |       |     3 ||     3
  Use: Scroll            |       |     4 ||     4
       Potion            |       |     1 ||     1
 Stab: Paralysed         |       |     3 ||     3
Armor: Skin              |     5 |    18 ||    23
Dodge: Dodged            |     4 |    34 ||    38

Table legend: (Time is in decaauts)
 A = Elapsed time spent in this place.
 B = Non-inter-level travel time spent in this place.
 C = Inter-level travel time spent in this place.
 D = Time resting spent in this place.
 E = Time spent auto-exploring this place.
 F = Levels seen in this place.
 G = Mean time per level.
                   A        B        C        D        E       F      G
               +--------+--------+--------+--------+--------+-----+--------+
         Total |   3051 |   2967 |     84 |     30 |   2574 |   3 | 1017.0 |
       Dungeon |   3051 |   2967 |     84 |     30 |   2574 |   3 | 1017.0 |
               +--------+--------+--------+--------+--------+-----+--------+

Top non-repeatable levels by time:
     D:1: 1240 daAuts
     D:2: 1165 daAuts
     D:3: 645 daAuts
